 Dungeon Crawl Stone Soup version 0.29.1-debian-4-g95531337e3 (webtiles) character file.

Game seed: 18400261310055404597

1379 BritishOli the Fighter (level 8, -3/73 HPs)
             Began as a Demonspawn Fighter on Sept 13, 2022.
             Was a Follower of Makhleb.
             Slain by an iguana (4 damage)
             ... on level 5 of the Dungeon.
             The game lasted 00:03:55 (5520 turns).

BritishOli the Fighter (Demonspawn Fighter)         Turns: 5520, Time: 00:03:55

Health: -3/73      AC:  6    Str: 18    XL:     8   Next: 39%
Magic:  8/8        EV:  9    Int: 10    God:    Makhleb [*.....]
Gold:   153        SH:  8    Dex: 13    Spells: 7/7 levels left

rFire   . . .      SeeInvis .   q - +2 trident (vorpal)
rCold   . . .      Faith    .   c - +0 buckler
rNeg    . . .      Spirit   .   b - +0 scale mail
rPois   .          Reflect  .   (no helmet)
rElec   .          Harm     .   (no cloak)
rCorr   .          Rampage  .   (no gloves)
Will    .....                   (no boots)
Stlth   ..........              x - amulet of magic regeneration
HPRegen 0.22/turn               (no ring)
MPRegen 0.51/turn               (no ring)

@: lethally poisoned (-3 -> -12)
A: large bone plates 1, demonic guardian 2, weakness stinger 2
a: Renounce Religion


You were on level 5 of the Dungeon.
You worshipped Makhleb.
Makhleb was aware of your devotion.
You visited 1 branch of the dungeon, and saw 5 of its levels.

You collected 153 gold pieces.

Inventory:

Hand Weapons
 a - a +0 long sword
 q - a +2 vorpal trident (weapon)
Armour
 b - a +0 scale mail (worn)
 c - a +0 buckler (worn)
Jewellery
 x - an amulet of magic regeneration (around neck)
 y - a ring of magical power
Wands
 u - a wand of flame (9)
 A - a wand of quicksilver (13)
Scrolls
 e - 2 scrolls of teleportation {unknown}
 f - 2 scrolls of amnesia {unknown}
 h - 6 scrolls of identify {unknown}
 i - 3 scrolls of noise {unknown}
 l - a scroll of magic mapping {unknown}
 m - 2 scrolls of enchant armour {unknown}
 n - 2 scrolls of enchant weapon {unknown}
 r - a scroll of summoning {unknown}
 t - a scroll of poison {unknown}
 z - a scroll of fear {unknown}
Potions
 d - 2 potions of might
 g - a potion of lignification {unknown}
 j - 3 potions of heal wounds
 k - 2 potions of flight {unknown}
 o - 2 potions of degeneration {unknown}
 p - 3 potions of curing {unknown}
 s - a potion of resistance
 v - 3 potions of cancellation {unknown}
 w - a potion of invisibility {unknown}
 B - 2 potions of attraction {unknown}


   Skills:
 + Level 10.5 Fighting
 - Level 2.1 Long Blades
 - Level 3.0 Armour
 - Level 3.0 Shields


You had 7 spell levels left.
You didn't know any spells.
Your spell library contained the following spells:

 Spells                   Type           Power      Damage    Failure   Level
 Sublimation of Blood     Necr           0%         N/A       93%         2
 Tukima's Dance           Hex            0%         N/A       99%         3
 Passage of Golubria      Tloc           0%         N/A       100%        4
 Petrify                  Tmut/Erth      0%         N/A       100%        4
 Irradiate                Conj/Tmut      0%         3d11      100%        5
 Yara's Violent Unravell  Hex/Tmut       0%         3d3       100%        5


Dungeon Overview and Level Annotations

Branches:
Dungeon (5/15)             Temple (0/1) D:5

Altars:
Fedhas
Makhleb
Nemelex Xobeh
Vehumet

Shops:
D:4 (


Innate Abilities, Weirdness & Mutations

You are partially covered in large bone plates. (SH +4)
A demonic guardian rushes to your aid.
You have a tail ending in a sharp stinger.


Message History

You feel very sick. You block the water moccasin's attack.
The iguana closely misses you.
You barely miss the water moccasin.
The water moccasin is severely wounded.
You feel very sick. You block the water moccasin's attack.
The iguana closely misses you. The water moccasin closely misses you.
The iguana attacks as you move away! The iguana bites you!
* * * LOW HITPOINT WARNING * * *
You feel sick. The water moccasin closely misses you.
It was a potion of heal wounds.
You feel much better.
You feel sick. The iguana barely misses you.
You block the water moccasin's attack.
The water moccasin attacks as you move away!
The water moccasin barely misses you.
You feel sick.
You feel sick. The water moccasin bites you.
You are more poisoned.
The water moccasin poisons you! The water moccasin bites you!
You are lethally poisoned!
The water moccasin poisons you!
You feel extremely sick.
* * * LOW HITPOINT WARNING * * *
You feel extremely sick. The water moccasin closely misses you.
The water moccasin attacks as you move away!
The water moccasin closely misses you.
* * * LOW HITPOINT WARNING * * *
You feel very sick.
You hit the water moccasin but do no damage.
The water moccasin is severely wounded.
* * * LOW HITPOINT WARNING * * *
You feel very sick. The water moccasin barely misses you.
You block the iguana's attack. The water moccasin closely misses you.
Unknown command.
You completely miss the water moccasin.
The water moccasin is severely wounded.
* * * LOW HITPOINT WARNING * * *
You feel very sick. The iguana bites you.
You die...

......##...###..###...##......##
...##..#.#..........#.###...###
..####...#..........#.###...##
..# ##....###..###.....#....#
.## #...## #..# ##..)......# .#
#..## ##..## ##........# ## #..#
# ....####........# #
#...##..##.S##..........# #
##........@l............# #
#########...............# ###
#...............# ..##
#..............## #..#
#............... ##..#
#............... ##..#
###............# ##.#
####.........# #.# #...#######


You could see a water moccasin and an iguana.

Vanquished Creatures
  2 ogres
  An ice beast (D:5)
  A phantom (D:5)
  A necrophage (D:4)
  2 scorpions (D:4)
  A vampire bat (D:3)
  A crimson imp (D:3)
  A hound (D:4)
  A centaur zombie (D:3)
  A jelly (D:4)
  An orc priest (D:3)
  2 iguanas
  A howler monkey zombie (D:3)
  Robin (D:2)
  2 gnolls (D:5)
  8 adders
  2 ufetubi
  3 dart slugs
  3 fire bats (D:3)
  6 orcs
  2 spectral bats (D:3)
  5 ball pythons
  3 bat skeletons (D:3)
  A bat zombie (D:3)
  4 endoplasms
  5 giant cockroaches
  17 goblins
  8 hobgoblins
  3 jackals (D:2)
  9 kobolds
  A quokka (D:4)
  15 bats
  A bat simulacrum (D:3)
  3 frilled lizards
  10 rats
128 creatures vanquished.

Vanquished Creatures (collateral kills)
  An ogre (D:5)
  The ghost of Yosebu the Shooter, an amateur KoHu (D:3)
  A scorpion (D:4)
  A centaur zombie (D:3)
  2 iguanas (D:5)
  A gnoll (D:5)
7 creatures vanquished.

Vanquished Creatures (others)
  A withered plant (D:1)
1 creature vanquished.

Grand Total: 136 creatures vanquished

Notes
Turn   | Place    | Note
-------+----------+-------------------------------------------
     0 | D:1      | BritishOli the Demonspawn Fighter began the quest for the
                  | Orb.
     0 | D:1      | Reached XP level 1. HP: 18/18 MP: 1/1
   171 | D:1      | Found a faded altar of an unknown god.
   398 | D:1      | Gained mutation: You have a small tail. [demonic ancestry]
   398 | D:1      | Reached XP level 2. HP: 21/24 MP: 2/2
  1168 | D:2      | Gained mutation: A weak demonic guardian rushes to your
                  | aid. [demonic ancestry]
  1168 | D:2      | Reached XP level 3. HP: 28/29 MP: 3/3
  1347 | D:2      | Noticed Robin
  1353 | D:2      | Killed Robin
  1354 | D:2      | Reached skill level 4 in Fighting
  1425 | D:2      | Reached XP level 4. HP: 38/38 MP: 4/4
  1893 | D:3      | Reached skill level 5 in Fighting
  2170 | D:3      | Gained mutation: You are partially covered in large bone
                  | plates. (SH +4) [demonic ancestry]
  2170 | D:3      | Reached XP level 5. HP: 44/44 MP: 5/5
  2436 | D:3      | Found a burning altar of Makhleb.
  2436 | D:3      | Found a radiant altar of Vehumet.
  2519 | D:3      | Became a worshipper of Makhleb the Destroyer
  2581 | D:3      | Reached skill level 6 in Fighting
  2625 | D:3      | Gained mutation: A demonic guardian rushes to your aid.
                  | [demonic ancestry]
  2625 | D:3      | Reached XP level 6. HP: 41/53 MP: 6/6
  2791 | D:3      | Found a runed translucent gate.
  2791 | D:3      | Found a runed translucent gate.
  2791 | D:3      | Found a runed translucent gate.
  2792 | D:3      | Noticed Yosebu's ghost (amateur KoHu)
  3068 | D:3      | Killed Yosebu's ghost
  3069 | D:3      | Reached skill level 7 in Fighting
  3394 | D:4      | Gained mutation: You have a tail ending in a sharp stinger.
                  | [demonic ancestry]
  3394 | D:4      | Reached XP level 7. HP: 61/61 MP: 7/7
  3557 | D:4      | Found Poaggero's Antique Weapon Emporium.
  3578 | D:4      | Reached skill level 8 in Fighting
  4278 | D:4      | Found a sparkling altar of Nemelex Xobeh.
  4278 | D:4      | Found a blossoming altar of Fedhas.
  4425 | D:4      | Reached * piety under Makhleb
  4531 | D:4      | Reached skill level 9 in Fighting
  4829 | D:5      | Entered Level 5 of the Dungeon
  4854 | D:5      | Reached XP level 8. HP: 26/72 MP: 8/8
  5180 | D:5      | Reached skill level 10 in Fighting
  5277 | D:5      | Found a staircase to the Ecumenical Temple.
  5520 | D:5      | HP: 1/73 [poisoned by a water moccasin]
  5520 | D:5      | Slain by an iguana

Illustrated notes

Levels and vault maps discovered:
D:1:      onia_arrival_handbag, layout_basic, ebering_ecumenical_altar_petrified
D:2:      minmay_angry_zag, layout_rooms, serial_corexii_hall,
          corexii_hall_statues_i, corexii_hall_statues_deadend,
          chequers_hall_statues_wall_a, uniq_robin
D:3:      layout_loops_cross, grunt_temple_overflow_lords_of_destruction,
          gammafunk_ghost_necromancy, goddamned_bats
D:4:      minmay_opposing_rooms, layout_loops_ring,
          gammafunk_temple_overflow_wave, serial_shops, nicolae_shop_crystal,
          kennysheep_generic_room_6
D:5:      layout_cave_pods, minmay_temple_entry_wispy, palyth_stone_intersect,
          minmay_crossroads

Skill      XL: |  1  2  3  4  5  6  7  8 |
---------------+-------------------------+-----
Long Blades    | 2 |  2.1
Armour         | 3 |  3.0
Shields        | 3 |  3.0
Fighting       | 4 5 6 7 9 10 | 10.5

Action                   |  1- 3 |  4- 6 |  7- 9 || total
-------------------------+-------+-------+-------++-------
Melee: Long sword        |    59 |       |       ||    59
       Tailslap          |     5 |    18 |    14 ||    37
       Trident           |    38 |   162 |   115 ||   315
  Use: Potion            |       |       |     1 ||     1
Armor: Scale mail        |    49 |    94 |    29 ||   172
Dodge: Dodged            |    37 |    96 |    60 ||   193
Block: Buckler           |    17 |    83 |    46 ||   146
